 Dungeon Crawl Stone Soup version 0.15-a0-1472-ge546950 (webtiles) character file.

23 Psiweapon the Insei (level 2, -4/18 HPs)
             Began as an Octopode Transmuter on June 13, 2014.
             Slain by Terence
             ... wielding a +0,+0 flail
              (6 damage)
             ... on Level 2 of the Dungeon.
             The game lasted 00:03:19 (1150 turns).

Psiweapon the Insei (Octopode Transmuter)           Turns: 1150, Time: 00:03:20

HP  -4/18        AC  1     Str  9      XL: 2   Next: 95%
MP   3/4         EV 13     Int 15      God:
Gold 49          SH  0     Dex 12      Spells:  1 memorised,  4 levels left

rFire  . . .     SeeInvis .       - Unarmed
rCold  . . .     Clarity  .     (no shield)
rNeg   . . .     rCorr    .     (helmet restricted)
rPois  .         rRot     .     (no amulet)
rElec  .         Spirit   .     (no ring)
SustAb .         Warding  .     (no ring)
rMut   .         Stasis   .     (no ring)
Gourm  .                        (no ring)
MR     .....                    (no ring)
                                (no ring)
                                (no ring)
                                (no ring)

@: appendage (expiring), very slightly contaminated, not resistant to hostile
enchantments, fairly stealthy
A: almost no armour, amphibious, 8 rings, constrict 8, tentacle spike 3,
camouflage 1, gelatinous body 1
a: End Transformation


You were on level 2 of the Dungeon.
You were not hungry.
One of your tentacles had a temporary spike.
You visited 1 branch of the dungeon, and saw 2 of its levels.

You collected 49 gold pieces.

Inventory:

Hand weapons
 k - a +1,+0 sling
Missiles
 b - 12 arrows
 l - 20 stones (quivered)
Comestibles
 a - a bread ration
 f - a royal jelly
 h - a chunk of bat flesh
Scrolls
 c - 6 scrolls of remove curse {unknown}
 e - 2 scrolls of enchant weapon II {unknown}
 i - a scroll of identify {unknown}
 m - a scroll of amnesia {unknown}
 n - 3 scrolls of recharging {unknown}
Potions
 g - a potion of mutation {unknown}
Books
 d - a book of Changes

   Spells                             Type                      Level
   *Beastly Appendage                 Transmutation                1
   Sticks to Snakes                   Transmutation                2
   Spider Form                        Transmutation/Poison         3
   Ice Form                           Ice/Transmutation            4
   Blade Hands                        Transmutation                5


   Skills:
 - Level 1.0 Fighting
 + Level 2.8 Dodging
 + Level 2.2 Stealth
 - Level 3.0 Unarmed Combat
 - Level 2.0 Spellcasting
 - Level 2.0 Transmutations


You had 4 spell levels left.
You knew the following spells:

 Your Spells              Type           Power        Failure   Level  Hunger
a - Beastly Appendage     Trmt           #.....       12%         1    #......


Dungeon Overview and Level Annotations

Branches:
Dungeon (2/15)

Altars:
Okawaru

Annotations:
D:2 Terence


Innate Abilities, Weirdness & Mutations

You cannot wear most types of armour.
You are amphibious.
You can wear up to eight rings at the same time.
You can use your tentacles to constrict many enemies at once.
Your skin changes colour to match your surroundings (Stealth).
Your rubbery body absorbs attacks (AC +1).
One of your tentacles bears a large vicious spike.


Message History

You tentacle-slap Terence but do no damage.
You grab Terence. You squeeze Terence.
Terence is lightly wounded.
Your transformation is almost over.
You constrict Terence, but do no damage.
Terence barely misses you.
You tentacle-slap Terence but do no damage.
Terence is lightly wounded.
You constrict Terence, but do no damage.
The hobgoblin hits you with a club.
* * * LOW HITPOINT WARNING * * *
Terence closely misses you. The rat barely misses you.
You tentacle-slap Terence.
You pierce Terence.
You tentacle-slap Terence, but do no damage.
Terence is heavily wounded.
You constrict Terence, but do no damage.
The hobgoblin hits you with a club.
* * * LOW HITPOINT WARNING * * *
Terence hits you with a flail.
You die...

.......# #.#.#.#[
##.#.##.####.#.#.##
..............#.#.[.
#####.#.##.######.####
###.. #.#.##.######.....
......+.................
#....#.###########.....
#......................
#....r@###########.####
#.###g@# ....... # #..#
###.#### #..# #.####
#..# #..... #... #####
...# ...# ..#


You could see Terence, a hobgoblin and a rat.

Vanquished Creatures
  An adder (D:2)
  3 bats
  A giant cockroach (D:1)
  2 hobgoblins (D:1)
  2 kobolds
  A giant gecko (D:1)
  A giant newt (D:1)
  3 goblins
  3 rats
17 creatures vanquished.

Notes
Turn   | Place    | Note
--------------------------------------------------------------
     0 | D:1      | Psiweapon, the Octopode Transmuter, began the quest for the Orb.
     0 | D:1      | Reached XP level 1. HP: 13/13 MP: 3/3
   172 | D:1      | Reached skill level 1 in Stealth
   253 | D:1      | Reached XP level 2. HP: 13/18 MP: 2/4
  1096 | D:2      | Found an iron altar of Okawaru.
  1133 | D:2      | Noticed Terence
  1150 | D:2      | Slain by Terence

Action                   || total
-------------------------++-------
Melee: Unarmed           ||    38
 Cast: Beastly Appendage ||    10
 Stab: Sleeping          ||     3
